 Dungeon Crawl Stone Soup version 0.32-a0-876-gcfddb08 (webtiles) character file.

Game seed: 15261095458004291857

608 Dorkslayer the Sneak (level 7, -2/47 HPs)
             Began as an Octopode Fighter on Mar 31, 2024.
             Was a Follower of Okawaru.
             Slain by Pikel
             ... wielding a +1 whip of electrocution
              (9 damage)
             ... on level 5 of the Dungeon.
             The game lasted 00:08:32 (3073 turns).

Dorkslayer the Sneak (Octopode Fighter)             Turns: 3073, Time: 00:08:33

Health: -2/47      AC:  1    Str: 18    XL:     7   Next: 43%
Magic:  0/17       EV: 13    Int: 10    God:    Okawaru [*.....]
Gold:   1126       SH:  6    Dex: 17    Spells: 6/6 levels left

rFire   . . .        a - +1 war axe
rCold   . . .        b - +1 buckler
rNeg    . . .        (helmet restricted)
rPois   .            o - amulet of guardian spirit
rElec   .            d - +4 ring of slaying
rCorr   .            p - ring of magical power
SInv    .            t - +6 ring of dexterity
Will    +....        u - ring of willpower
Stlth   ++++         (no ring)
HPRegen 0.27/turn    (no ring)
MPRegen 0.15/turn    (no ring)
                     (no ring)

%: guardian spirit
@: hasted, very quick
A: almost no armour, amphibious, 8 rings, camouflage 1, gelatinous body 1,
(nimble swimmer 1), tentacles
a: Renounce Religion, Heroism


You were on level 5 of the Dungeon.
You worshipped Okawaru.
Okawaru was aware of your devotion.
You visited 2 branches of the dungeon, and saw 6 of its levels.

You collected 1126 gold pieces.

Inventory:

Hand Weapons
 a - a +1 war axe (weapon)
 g - the +9 spear "Daxabrunk" {freeze, Str-2 Dex+2 Stlth+}
   (You found it on level 3 of the Dungeon)

   Str-2:     It affects your strength (-2).
   Dex+2:     It affects your dexterity (+2).
   Stlth+:    It makes you more stealthy.
Missiles
 k - 4 javelins (quivered)
 r - 2 throwing nets
Armour
 b - a +1 buckler (worn)
Jewellery
 d - a +4 ring of slaying (left tentacle)
 h - a ring of ice
 o - an amulet of guardian spirit (around mantle)
 p - a ring of magical power (right tentacle)
 t - a +6 ring of dexterity (on tentacle)
 u - a ring of willpower (on tentacle)
Talismans
 e - a serpent talisman
Wands
 j - a wand of polymorph (6)
Scrolls
 i - a scroll of immolation
 w - a scroll of blinking
Potions
 n - a potion of mutation
 x - a potion of berserk rage {unknown}


   Skills:
 + Level 3.8 Fighting
 + Level 4.6 Axes
 + Level 3.6 Dodging
 + Level 4.7 Stealth
 + Level 3.6 Shields
 * Level 2.1 Invocations
 * Level 2.0 Evocations
 * Level 1.4 Shapeshifting


You had 6 spell levels left.
You didn't know any spells.
Your spell library contained the following spells:

 Spells                   Type           Power      Damage    Failure   Level
 Slow                     Hex            0%         N/A       43%         1
 Confusing Touch          Hex            0%         N/A       82%         3
 Vampiric Draining        Necr           0%         2d6       82%         3


Dungeon Overview and Level Annotations

Branches:
Dungeon (5/15)             Temple (1/1) D:4

Altars:
Ashenzari
Cheibriados
Dithmenos
Elyvilon
Fedhas
Gozag
Hepliaklqana
Kikubaaqudgha
Makhleb
Nemelex Xobeh
Okawaru
Qazlal
Ru
Sif Muna
Trog
Uskayaw
Vehumet
Wu Jian
Xom
Yredelemnul
Zin
The Shining One

Annotations:
D:5 Pikel


Innate Abilities, Weirdness & Mutations

You cannot wear most types of armour.
You are amphibious.
You can wear up to eight rings at the same time.
Your skin changes colour to match your surroundings (Stealth+).
Your rubbery body absorbs attacks. (AC +1, EV +1)
((You are camouflaged when in or above water. (Stealth+)))
You have tentacles for arms and can constrict up to eight enemies at once.


Message History

You slash the lemure!
You kill the lemure!
That felt strangely unrewarding.
Pikel zaps a wand.
Your will is overpowered!
You are confused.
You're too confused to move!
Pikel hits you with a +1 whip of electrocution.
You bump into the rock wall.
Pikel hits you with a +1 whip of electrocution!
You barely miss Pikel. Your squeeze misses Pikel.
Pikel is lightly wounded.
Pikel hits you with a +1 whip of electrocution!
You are electrocuted!
* * * LOW HITPOINT WARNING * * *
You bump into the rock wall.
You barely miss Pikel. You squeeze Pikel, but do no damage.
Pikel is lightly wounded.
Pikel hits you with a +1 whip of electrocution.
* * * LOW HITPOINT WARNING * * *
Pikel zaps a wand.
Your will is overpowered!
You are more confused.
You feel better.
Throw: 5 javelins
Press: ? - help, Q - select action, (/) - cycle Shift-Dir - straight line, f - Pikel
Aim: Pikel, wielding a +1 whip of electrocution, wearing a +0 robe and carrying a wand of charming (lightly wounded, 56% to hit)
You throw a javelin. The javelin closely misses Pikel.
Unknown command.
You closely miss Pikel. You grab Pikel.
Pikel is lightly wounded.
You constrict Pikel.
Pikel zaps a wand.
You resist with almost no effort.
You hit Pikel.
Pikel is moderately wounded.
You constrict Pikel. You block Pikel's attack.
You hit Pikel.
Pikel is moderately wounded.
You constrict Pikel.
Pikel hits you with a +1 whip of electrocution!
* * * LOW HITPOINT WARNING * * *
You are electrocuted!
You die...
Pikel says, "Another soul for the market."

..... #...# . #....##
.. #...## ...## #.#..#
##..< #..#.# .....
##.#/# ##### #.#.####
# #@#....# #K####.##
#.# #..## #.# ##..#
#### ###.### ##.##
##... ##.....## #..#
##....
##.......####.###.....
#....(....# #..##.....
#....(†...# ##........


You could see Pikel.

Vanquished Creatures
  An ogre (D:5)
  4 lemures (D:5)
  2 scorpions (D:5)
  3 bombardier beetles (D:5)
  3 hounds
  Ijyb (D:3)
  An iguana (D:4)
  A gnoll (D:1)
  8 adders
  A dart slug (D:1)
  A ribbon worm (D:2)
  An orc (D:4)
  7 endoplasms
  6 giant cockroaches
  7 goblins
  6 hobgoblins
  6 jackals
  7 kobolds
  A quokka (D:4)
  6 ball pythons
  5 bats
  6 frilled lizards
  7 rats
91 creatures vanquished.

Notes
Turn   | Place    | Note
-------+----------+-------------------------------------------
     0 | D:1      | Dorkslayer the Octopode Fighter began the quest for the
                  | Orb.
     0 | D:1      | Reached XP level 1. HP: 16/16 MP: 1/1
    22 | D:1      | Reached XP level 2. HP: 19/21 MP: 2/2
   376 | D:1      | Reached XP level 3. HP: 25/26 MP: 3/3
   972 | D:2      | Found a shimmering altar of Xom.
   981 | D:2      | Reached skill level 1 in Stealth
  1430 | D:2      | Reached XP level 4. HP: 31/31 MP: 2/4
  1583 | D:3      | Identified a scroll of acquirement
  1583 | D:3      | Acquired 915 gold pieces
  1932 | D:3      | Reached XP level 5. HP: 36/36 MP: 5/5
  2021 | D:3      | Identified the +9 spear "Daxabrunk" {freeze, Str-2 Dex+2
                  | Stlth+}
  2058 | D:3      | Found a faded altar of an unknown god.
  2080 | D:3      | Noticed Ijyb
  2087 | D:3      | Killed Ijyb
  2379 | D:4      | Found a staircase to the Ecumenical Temple.
  2390 | Temple   | Entered the Ecumenical Temple
  2476 | Temple   | Became a worshipper of Warmaster Okawaru
  2683 | D:4      | Found a hide-covered altar of Uskayaw.
  2697 | D:4      | Reached XP level 6. HP: 31/42 MP: 6/6
  2868 | D:5      | Entered Level 5 of the Dungeon
  2898 | D:5      | Reached skill level 1 in Evocations
  2899 | D:5      | Reached skill level 1 in Invocations
  2943 | D:5      | Reached skill level 1 in Shapeshifting
  2943 | D:5      | Reached XP level 7. HP: 32/47 MP: 8/8
  2958 | D:5      | Reached * piety under Okawaru
  3036 | D:5      | Noticed Pikel
  3073 | D:5      | Slain by Pikel

Illustrated notes

Levels and vault maps discovered:
D:1:      lemuel_arrival_broad_hall, layout_basic,
          chequers_serial_rivers_micro_b, hex_tiny, serial_bayou_pond_b
D:2:      layout_loops_cross, basic_altar
D:3:      layout_loops_ring, hellmonk_ecumenical_altar_blasted,
          kennysheep_generic_room_8, uniq_ijyb
D:4:      layout_cave_pools, lemuel_tele_altar, minmay_temple_entry_junction
D:5:      layout_rooms, uniq_pikel
Temple:   mainiacjoe_temple_circle_huts

Skill      XL: |  1  2  3  4  5  6  7 |
---------------+----------------------+-----
Stealth        | 1 2 3 4 |  4.7
Axes           | 3 4 |  4.6
Evocations     | 1 2 |  2.0
Invocations    | 1 2 |  2.1
Shapeshifting  | 1 |  1.4
Fighting       | |  3.8
Dodging        | |  3.6
Shields        | |  3.6

Action                     |  1- 3 |  4- 6 |  7- 9 || total
---------------------------+-------+-------+-------++-------
  Melee: War axe           |    40 |    67 |    22 ||   129
         Constrict         |    15 |    17 |     7 ||    39
         Tentacles         |     8 |    16 |     4 ||    28
  Throw: Javelin           |       |       |     4 ||     4
    Use: Scroll            |       |    11 |     1 ||    12
         Potion            |       |     1 |     2 ||     3
   Stab: Sleeping          |     9 |    10 |     1 ||    20
         Distracted        |       |       |     1 ||     1
 Armour: Skin              |    18 |    27 |    11 ||    56
  Dodge: Dodged            |    12 |    29 |     7 ||    48
  Block: Buckler           |     4 |    15 |     6 ||    25

Table legend: (Time is in decaauts)
 A = Elapsed time spent in this place.
 B = Non-inter-level travel time spent in this place.
 C = Inter-level travel time spent in this place.
 D = Time resting spent in this place.
 E = Time spent auto-exploring this place.
 F = Levels seen in this place.
 G = Mean time per level.
                   A        B        C        D        E       F      G
               +--------+--------+--------+--------+--------+-----+--------+
         Total |   3109 |   3109 |      0 |      0 |   1436 |   6 |  518.2 |
       Dungeon |   2999 |   2999 |      0 |      0 |   1436 |   5 |  599.8 |
        Temple |    109 |    109 |      0 |      0 |      0 |   1 |  109.0 |
               +--------+--------+--------+--------+--------+-----+--------+

Top non-repeatable levels by time:
     D:1: 878 daAuts
     D:3: 773 daAuts
     D:2: 717 daAuts
     D:4: 424 daAuts
     D:5: 206 daAuts
  Temple: 109 daAuts
